NCAA
NEBRASKA CORNHUSKERS @ FLORIDA GATORS
04/19/2023
 
TOP OF THE 1ST
Nebraska Cornhuskers batting - Pitching for Florida Gators : RHP Micheal Wood
Pitching: RHP Micheal Wood
Batting: LHB Dennis Fontenot 0-0: Ground out 4-3 (Groundball, 4)
Batting: LHB Gilberto Ramírez 0-0: Foul Ball, location: 2F
0-1: Ball
1-1: Ball
2-1: Foul Ball, location: 2F
2-2: DOUBLE (Line Drive, 89M)
Batting: RHB John Denton 0-0: Ball
1-0: Ball
2-0: Ball
3-0: Called Strike
3-1: Base on Balls
Batting: LHB Manny Salazar 0-0: Ball
1-0: Ball
2-0: Fly out, F1 (Popup, 25)
Batting: RHB Eugene Allen 0-0: SINGLE (Groundball, 6MD) (infield hit)
Gilberto Ramírez to third
John Denton to second
Batting: RHB Ralph Powell 0-0: Called Strike
0-1: Fly out, F9 (Flyball, 89M)
Top of the 1st over - 0 run(s), 2 hit(s), 0 error(s), 3 left on base; Nebraska 0 - Florida 0
BOTTOM OF THE 1ST
Florida Gators batting - Pitching for Nebraska Cornhuskers : RHP Barry Sherman
Pitching: RHP Barry Sherman
Batting: RHB Jason Knox 0-0: Called Strike
0-1: Ground out 5-3 (Groundball, 56)
Batting: RHB Mario Solís 0-0: Ball
1-0: Ball
2-0: Ball
3-0: Base on Balls
Batting: LHB Mark Strong 0-0: Swinging Strike
0-1: Called Strike
0-2: Strikes out swinging
Batting: RHB Paul Hardy 0-0: Ball
1-0: Ball
2-0: Ball
3-0: Base on Balls
Mario Solís to second
Batting: RHB Joe Richardson 0-0: Ground out 5-3 (Groundball, 56)
Bottom of the 1st over - 0 run(s), 0 hit(s), 0 error(s), 2 left on base; Nebraska 0 - Florida 0
TOP OF THE 2ND
Nebraska Cornhuskers batting - Pitching for Florida Gators : RHP Micheal Wood
Batting: SHB William Hamilton 0-0: Called Strike
0-1: SINGLE (Line Drive, 6D)
Batting: SHB Conan Hanson 0-0: Called Strike
0-1: Foul Ball, location: 2F
0-2: Strikes out swinging
Batting: RHB Dwight Lewis 0-0: Called Strike
0-1: Ball
1-1: Swinging Strike
1-2: Strikes out looking
Batting: LHB Dennis Fontenot 0-0: Ball
1-0: Fly out, F7 (Flyball, 7LM)
Top of the 2nd over - 0 run(s), 1 hit(s), 0 error(s), 1 left on base; Nebraska 0 - Florida 0
BOTTOM OF THE 2ND
Florida Gators batting - Pitching for Nebraska Cornhuskers : RHP Barry Sherman
Batting: RHB Larry Kennedy 0-0: Ball
1-0: Swinging Strike
1-1: Called Strike
1-2: Strikes out swinging
Batting: LHB Juan Torres 0-0: Called Strike
0-1: Swinging Strike
0-2: Ball
1-2: Strikes out swinging
Batting: RHB Barry Murphy 0-0: Ball
1-0: Ball
2-0: Ball
3-0: Base on Balls
Batting: RHB Butch Richardson 0-0: Called Strike
0-1: Swinging Strike
0-2: Strikes out swinging
Bottom of the 2nd over - 0 run(s), 0 hit(s), 0 error(s), 1 left on base; Nebraska 0 - Florida 0
TOP OF THE 3RD
Nebraska Cornhuskers batting - Pitching for Florida Gators : RHP Micheal Wood
Batting: LHB Gilberto Ramírez 0-0: Called Strike
0-1: Foul Ball, location: 2F
0-2: Fly out, F7 (Flyball, 7M)
Batting: RHB John Denton 0-0: Foul Ball, location: 2F
0-1: Ball
1-1: Ground out 5-3 (Groundball, 56S)
Batting: LHB Manny Salazar 0-0: Called Strike
0-1: Ball
1-1: SINGLE (Line Drive, 8RS)
Batting: RHB Eugene Allen 0-0: Called Strike
Manny Salazar steals 2nd base
0-1: Ball
1-1: 2-RUN HOME RUN (Flyball, 7D), Distance : 359 ft
Batting: RHB Ralph Powell 0-0: Ball
1-0: Called Strike
1-1: Ground out 4-3 (Groundball, 4)
Top of the 3rd over - 2 run(s), 2 hit(s), 0 error(s), 0 left on base; Nebraska 2 - Florida 0
BOTTOM OF THE 3RD
Florida Gators batting - Pitching for Nebraska Cornhuskers : RHP Barry Sherman
Batting: RHB Jason Knox 0-0: Ball
1-0: Called Strike
1-1: Ball
2-1: Called Strike
2-2: Ball
3-2: Strikes out swinging
Batting: RHB Mario Solís 0-0: Called Strike
0-1: Fly out, F8 (Flyball, 89M)
Batting: LHB Mark Strong 0-0: Ball
1-0: Ball
2-0: Ball
3-0: Called Strike
3-1: Foul Ball, location: 2F
3-2: Foul Ball, location: 2F
3-2: Strikes out swinging
Bottom of the 3rd over - 0 run(s), 0 hit(s), 0 error(s), 0 left on base; Nebraska 2 - Florida 0
TOP OF THE 4TH
Nebraska Cornhuskers batting - Pitching for Florida Gators : RHP Micheal Wood
Batting: SHB William Hamilton 0-0: Called Strike
0-1: Ball
1-1: Fly out, F6 (Popup, 56D)
Batting: SHB Conan Hanson 0-0: Called Strike
0-1: Called Strike
0-2: Ball
1-2: Ball
2-2: Strikes out swinging
Batting: RHB Dwight Lewis 0-0: Called Strike
0-1: Swinging Strike
0-2: Foul Ball, location: 2F
0-2: Ball
1-2: Strikes out swinging
Top of the 4th over - 0 run(s), 0 hit(s), 0 error(s), 0 left on base; Nebraska 2 - Florida 0
BOTTOM OF THE 4TH
Florida Gators batting - Pitching for Nebraska Cornhuskers : RHP Barry Sherman
Batting: RHB Paul Hardy 0-0: Called Strike
0-1: Ball
1-1: Ball
2-1: Foul Ball, location: 2F
2-2: Ball
3-2: Foul Ball, location: 2F
3-2: Base on Balls
Batting: RHB Joe Richardson 0-0: Fly out, F9 (Flyball, 89M)
Batting: RHB Larry Kennedy Pickoff Throw to First - Out!
0-0: Ball
1-0: Ground out 4-3 (Groundball, 4M)
Bottom of the 4th over - 0 run(s), 0 hit(s), 0 error(s), 0 left on base; Nebraska 2 - Florida 0
TOP OF THE 5TH
Nebraska Cornhuskers batting - Pitching for Florida Gators : RHP Micheal Wood
Batting: LHB Dennis Fontenot 0-0: Ball
1-0: Ball
2-0: Called Strike
2-1: Ball
3-1: Fly out, F6 (Line Drive, 6)
Batting: LHB Gilberto Ramírez 0-0: SINGLE (Groundball, 34)
Batting: RHB John Denton 0-0: Foul Ball, location: 2F
0-1: Ball
1-1: Foul Ball, location: 2F
1-2: Ball
2-2: Ball
3-2: Grounds into double play, 6-4-3 (Groundball, 6)
Top of the 5th over - 0 run(s), 1 hit(s), 0 error(s), 0 left on base; Nebraska 2 - Florida 0
BOTTOM OF THE 5TH
Florida Gators batting - Pitching for Nebraska Cornhuskers : RHP Barry Sherman
Batting: LHB Juan Torres 0-0: Called Strike
0-1: Ball
1-1: Ball
2-1: Foul Ball, location: 2F
2-2: SOLO HOME RUN (Flyball, 89XD), Distance : 385 ft
Batting: RHB Barry Murphy 0-0: Ground out 4-3 (Groundball, 4)
Batting: RHB Butch Richardson 0-0: Ground out 3-1 (Groundball, 34)
Batting: RHB Jason Knox 0-0: Ball
1-0: Called Strike
1-1: SINGLE (Flyball, 8LS)
Batting: RHB Mario Solís 0-0: Foul Ball, location: 2F
0-1: Ball
1-1: Foul Ball, location: 2F
1-2: Strikes out swinging
Bottom of the 5th over - 1 run(s), 2 hit(s), 0 error(s), 1 left on base; Nebraska 2 - Florida 1
TOP OF THE 6TH
Nebraska Cornhuskers batting - Pitching for Florida Gators : RHP Micheal Wood
Batting: LHB Manny Salazar 0-0: Called Strike
0-1: Ball
1-1: Foul Ball, location: 2F
1-2: Strikes out looking
Batting: RHB Eugene Allen 0-0: Ball
1-0: Fly out, F8 (Flyball, 8LM)
Batting: RHB Ralph Powell 0-0: Fly out, F9 (Flyball, 9M)
Top of the 6th over - 0 run(s), 0 hit(s), 0 error(s), 0 left on base; Nebraska 2 - Florida 1
BOTTOM OF THE 6TH
Florida Gators batting - Pitching for Nebraska Cornhuskers : RHP Barry Sherman
Batting: LHB Mark Strong 0-0: Ball
1-0: Ball
2-0: Ground out 1-3 (Groundball, 15)
Batting: RHB Paul Hardy 0-0: Ball
1-0: Ground out 5-3 (Groundball, 56)
Batting: RHB Joe Richardson 0-0: SINGLE (Line Drive, 34D)
Batting: RHB Larry Kennedy 0-0: Ball
1-0: Foul Ball, location: 2F
1-1: Ground out 5-3 (Groundball, 5L)
Bottom of the 6th over - 0 run(s), 1 hit(s), 0 error(s), 1 left on base; Nebraska 2 - Florida 1
TOP OF THE 7TH
Nebraska Cornhuskers batting - Pitching for Florida Gators : RHP Micheal Wood
Batting: SHB William Hamilton 0-0: Called Strike
0-1: Called Strike
0-2: Ball
1-2: Ball
2-2: Foul Ball, location: 2F
2-2: Foul Ball, location: 2F
2-2: Fly out, F8 (Line Drive, 8LD)
Pitching: RHP Keith Shannon
Batting: SHB Conan Hanson 0-0: Foul Ball, location: 2F
0-1: Foul Ball, location: 2F
0-2: SINGLE (Line Drive, 8LS)
Batting: RHB Dwight Lewis 0-0: Ball
1-0: Ball
Conan Hanson is caught stealing 2nd base
2-0: Foul Ball, location: 2F
2-1: Ball
3-1: SINGLE (Line Drive, 89S)
Batting: LHB Dennis Fontenot 0-0: Ball
1-0: Swinging Strike
1-1: Foul Ball, location: 2F
1-2: Ball
2-2: Foul Ball, location: 2F
2-2: Strikes out swinging
Top of the 7th over - 0 run(s), 2 hit(s), 0 error(s), 1 left on base; Nebraska 2 - Florida 1
BOTTOM OF THE 7TH
Florida Gators batting - Pitching for Nebraska Cornhuskers : RHP Barry Sherman
Batting: LHB Juan Torres 0-0: Called Strike
0-1: Ball
1-1: Ball
2-1: Ball
3-1: Ground out 5-3 (Groundball, 5L)
Pitching: LHP Richard McClellan
Batting: RHB Barry Murphy 0-0: Ball
1-0: Ball
2-0: Ball
3-0: Called Strike
3-1: Base on Balls
Pinch Hitting: SHB Leroy Sibbald 0-0: Swinging Strike
0-1: Fly out, F3 (Popup, 3SF)
Batting: RHB Jason Knox 0-0: Ball
1-0: Ball
2-0: Foul Ball, location: 2F
2-1: Foul Ball, location: 2F
2-2: Ball
3-2: Ground out 5-3 (Groundball, 56)
Bottom of the 7th over - 0 run(s), 0 hit(s), 0 error(s), 1 left on base; Nebraska 2 - Florida 1
TOP OF THE 8TH
Nebraska Cornhuskers batting - Pitching for Florida Gators : RHP Keith Shannon
Now at 2B: Leroy Sibbald
Batting: LHB Gilberto Ramírez 0-0: Ball
1-0: Called Strike
1-1: Ground out 4-3 (Groundball, 4M)
Batting: RHB John Denton 0-0: Ball
1-0: Hit by Pitch
Batting: LHB Manny Salazar 0-0: Ball
1-0: Ball
2-0: Ball
3-0: Base on Balls
John Denton to second
Batting: RHB Eugene Allen 0-0: Ball
1-0: Ball
2-0: Fly out, F4 (Popup, 4D)
Batting: RHB Ralph Powell 0-0: Ball
1-0: Swinging Strike
1-1: Ball
2-1: Fielders Choice at 2nd, 6-4 (Groundball, 6)
Top of the 8th over - 0 run(s), 0 hit(s), 0 error(s), 1 left on base; Nebraska 2 - Florida 1
BOTTOM OF THE 8TH
Florida Gators batting - Pitching for Nebraska Cornhuskers : LHP Richard McClellan
Pitching: RHP Roy Mayer
Now in RF: Cliff Jackson
Batting: RHB Mario Solís 0-0: SINGLE (Flyball, 89S)
Batting: LHB Mark Strong 0-0: Called Strike
0-1: Ball
1-1: Ball
2-1: Fielders Choice at 2nd, 4-6 (Groundball, 34)
Batting: RHB Paul Hardy 0-0: Grounds into double play, 1-6-3 (Groundball, 13)
Bottom of the 8th over - 0 run(s), 1 hit(s), 0 error(s), 0 left on base; Nebraska 2 - Florida 1
TOP OF THE 9TH
Nebraska Cornhuskers batting - Pitching for Florida Gators : RHP Keith Shannon
Pitching: LHP Ryan McKibbin
Batting: SHB William Hamilton 0-0: Called Strike
0-1: Ball
1-1: Ball
2-1: Ball
3-1: Base on Balls
Batting: SHB Conan Hanson 0-0: Sac Bunt - play at first, batter OUT! 1-4
William Hamilton to second
Batting: RHB Dwight Lewis 0-0: Swinging Strike
0-1: SINGLE (Line Drive, 7LS)
William Hamilton to third
Batting: LHB Dennis Fontenot 0-0: Ball
1-0: Called Strike
1-1: Swinging Strike
1-2: Foul Ball, location: 2F
1-2: Foul Ball, location: 2F
1-2: Ground out 2-3 (Groundball, 23)
Dwight Lewis to second
Batting: LHB Gilberto Ramírez 0-0: Ground out 1-3 (Groundball, 13)
Top of the 9th over - 0 run(s), 1 hit(s), 0 error(s), 2 left on base; Nebraska 2 - Florida 1
BOTTOM OF THE 9TH
Florida Gators batting - Pitching for Nebraska Cornhuskers : RHP Roy Mayer
Pitching: RHP Salvador Caro
Now at C: Robin Greer
Now at 2B: Christian McCord
Batting: RHB Joe Richardson 0-0: Called Strike
0-1: Swinging Strike
0-2: Foul Ball, location: 2F
0-2: Ball
1-2: Ball
2-2: Ball
3-2: Strikes out swinging
Batting: RHB Larry Kennedy 0-0: Ball
1-0: SINGLE (Line Drive, 4D)
Batting: LHB Juan Torres 0-0: Foul Ball, location: 2F
0-1: Swinging Strike
0-2: Foul Ball, location: 2F
0-2: Grounds into double play, 4-6-3 (Groundball, 4)
Bottom of the 9th over - 0 run(s), 1 hit(s), 0 error(s), 0 left on base; Nebraska 2 - Florida 1
This league is powered by Out of the Park Baseball, the baseball management simulation game for PC, Mac and Linux
Wednesday, December 2nd, 2015 - OOTP Baseball 16.8 Build 38